 Dungeon Crawl Stone Soup version 0.32-a0-485-g70f7560b1c (webtiles) character file.

Game seed: 12077323631477502434

28 hikkokomori the Chopper (level 3, -3/29 HPs)
             Began as a Mountain Dwarf Reaver on Feb 26, 2024.
             Slain by a gnoll
             ... wielding a +0 halberd
              (8 damage)
             ... on level 2 of the Dungeon.
             The game lasted 00:03:42 (1084 turns).

hikkokomori the Chopper (Mountain Dwarf Reaver)     Turns: 1084, Time: 00:03:43

Health: -3/29      AC:  3    Str: 14    XL:     3   Next: 0%
Magic:  5/6        EV: 11    Int: 15    God:
Gold:   61         SH:  0    Dex:  8    Spells: 1/6 levels left

rFire   . . .        a - +1 hand axe (vamp)
rCold   + + .        (no shield)
rNeg    . . .        f - +1 robe {rC+}
rPois   .            (no helmet)
rElec   .            (no cloak)
rCorr   .            (no gloves)
SInv    .            (no boots)
Will    .....        (no amulet)
Stlth   +            d - ring of protection from cold
HPRegen 0.24/turn    (no ring)
MPRegen 0.10/turn

%: no passive effects
@: no status effects
A: runic magic, artefact enchanting
a: no special abilities


You were on level 2 of the Dungeon.
You visited 1 branch of the dungeon, and saw 2 of its levels.

You collected 61 gold pieces.

Inventory:

Hand Weapons
 a - a +1 vampiric hand axe (weapon)
Armour
 b - a +0 leather armour
 f - a +1 robe of cold resistance (worn)
Jewellery
 d - a ring of protection from cold (left hand)
 j - a ring of ice
Scrolls
 i - a scroll of enchant armour {unknown}
Potions
 g - a potion of curing {unknown}
 k - a potion of enlightenment {unknown}


   Skills:
 - Level 2.1 Fighting
 + Level 4.4 Axes
 - Level 1.3 Dodging
 - Level 2.0 Spellcasting
 - Level 3.0 Conjurations
 + Level 0.5 Translocations


You had one spell level left.
You knew the following spells:

 Your Spells              Type           Power      Damage    Failure   Level
a - Kiss of Death         Conj/Necr      24%        2d7       12%         1
b - Momentum Strike       Conj/Tloc      12%        3d8       16%         2
c - Blink                 Tloc           6%         N/A       26%         2

Your spell library contained the following spells:

 Spells                   Type           Power      Damage    Failure   Level
 Magic Dart               Conj           40%        1d5       6%          1
 Call Imp                 Summ           2%         N/A       32%         2
 Hailstorm                Conj/Ice       6%         3d5       34%         3


Dungeon Overview and Level Annotations

Branches:
Dungeon (2/15)

Altars:


Innate Abilities, Weirdness & Mutations

Your spellcasting is much less encumbered by armour.
You can use scrolls of enchantment on lesser artefacts.


Message History

Aim: a gnoll, wielding a +0 flail (72% to hit)
The concentrated momentum hits the gnoll!
The gnoll is heavily wounded.
You are unable to move.
You cannot move.
You barely miss the gnoll.
The gnoll is heavily wounded.
The gnoll hits you with a +0 flail.
You hit the gnoll.
The gnoll is almost dead.
A gnoll comes into view. It is wielding a +0 halberd. x2
The gnoll barely misses you.
You barely miss the gnoll.
The gnoll is almost dead.
You are no longer robbed of momentum.
The gnoll shouts! x2
The gnoll hits you with a +0 flail.
As you read the scroll labelled JEIVVY HOIM TASTA, it crumbles to dust.
It is a scroll of enchant weapon.
Your +0 hand axe glows red for a moment.
The gnoll closely misses you.
As you read the scroll labelled TUCRIKLYRGHA, it crumbles to dust.
It is a scroll of brand weapon.
Your +1 hand axe thirsts for the lives of mortals!
a - a +1 vampiric hand axe (weapon)
The gnoll hits you with a +0 flail.
Okay, then.
You barely miss the gnoll.
The gnoll is severely wounded.
The gnoll hits you with a +0 flail!
* * * LOW HITPOINT WARNING * * *
You closely miss the gnoll.
The gnoll is severely wounded.
The gnoll hits you with a +0 flail.
* * * LOW HITPOINT WARNING * * *
The gnoll closely misses you.
As you read the scroll labelled AMNEUBU TENN, it dissolves into smoke.
It was a scroll of fog.
The gnoll closely misses you.
The gnoll hits you from afar with a +0 halberd!
You die...

###....##.#....####..
#......##......# ##†
#.......#......# #.
#.......#......# #.
#...#...#.#....# #.
#...#...#.#...... #.
#.§§§§§........... #.
#.§§§§§...........##.
####@##............#.
#g##...... #.
####gg....###
#...g.......# .
#...........# #.
#......$....# ..
#...........# ..
#...........#
#...........#


You could see 3 gnolls.

Vanquished Creatures
  2 bats (D:1)
  4 endoplasms
  2 goblins (D:1)
  A hobgoblin (D:1)
  5 jackals (D:1)
  2 quokkas
  3 ball pythons
  3 kobolds
  2 rats (D:1)
24 creatures vanquished.

Notes
Turn   | Place    | Note
-------+----------+-------------------------------------------
     0 | D:1      | hikkokomori the Mountain Dwarf Reaver began the quest for
                  | the Orb.
     0 | D:1      | Reached XP level 1. HP: 17/17 MP: 3/3
   398 | D:1      | Reached XP level 2. HP: 24/24 MP: 5/5
   472 | D:1      | Reached skill level 4 in Axes
   569 | D:1      | Learned a level 2 spell: Momentum Strike
   773 | D:1      | Learned a level 2 spell: Blink
  1033 | D:2      | Reached XP level 3. HP: 29/29 MP: 6/6
  1084 | D:2      | Slain by a gnoll

Illustrated notes

Levels and vault maps discovered:
D:1:      wander_arrival_lonely_grave, layout_basic
D:2:      layout_basic, chequers_jeans

Skill      XL: |  1  2 |
---------------+-------+-----
Spellcasting   | 2 |  2.0
Axes           | 4 |  4.4
Conjurations   | 3 |  3.0
Fighting       | |  2.1
Dodging        | |  1.3
Translocations | |  0.5

Action                     || total
---------------------------++-------
  Melee: Hand axe          ||    89
   Cast: Momentum Strike   ||     1
    Use: Scroll            ||     3
 Armour: Leather armour    ||    21
         Robe              ||    47
  Dodge: Dodged            ||    62

Table legend: (Time is in decaauts)
 A = Elapsed time spent in this place.
 B = Non-inter-level travel time spent in this place.
 C = Inter-level travel time spent in this place.
 D = Time resting spent in this place.
 E = Time spent auto-exploring this place.
 F = Levels seen in this place.
 G = Mean time per level.
                   A        B        C        D        E       F      G
               +--------+--------+--------+--------+--------+-----+--------+
         Total |   1091 |   1051 |     40 |      0 |    810 |   2 |  545.5 |
       Dungeon |   1091 |   1051 |     40 |      0 |    810 |   2 |  545.5 |
               +--------+--------+--------+--------+--------+-----+--------+

Top non-repeatable levels by time:
     D:1: 929 daAuts
     D:2: 162 daAuts
